 Dungeon Crawl Stone Soup version 0.30-a0-304-gdc4b735fe1 (webtiles) character file.

Game seed: 5023317488989319741

121 gruber the Sneak (level 5, -1/30 HPs)
             Began as a Kobold Brigand on Oct 20, 2022.
             Was a Follower of Uskayaw.
             Slain by a bullfrog (5 damage)
             ... on level 4 of the Dungeon.
             The game lasted 00:02:16 (3100 turns).

gruber the Sneak (Kobold Brigand)                   Turns: 3100, Time: 00:02:16

Health: -1/30      AC:  4    Str:  8    XL:     5   Next: 26%
Magic:  2/5        EV: 17    Int: 12    God:    Uskayaw [*.....]
Gold:   163        SH:  0    Dex: 19    Spells: 4/4 levels left

rFire   + . .      SeeInvis .    a - +2 dagger
rCold   . . .      Faith    .    (no shield)
rNeg    . . .      Spirit   .    b - +0 robe
rPois   .          Reflect  .    (no helmet)
rElec   .          Harm     .    c - +0 cloak
rCorr   .          Rampage  .    s - +0 pair of gloves
Will    .....                    (no boots)
Stlth   ++++......               (no amulet)
HPRegen 0.25/turn                p - ring of protection from fire
MPRegen 0.09/turn                (no ring)

@: no status effects
A: small, no large weapons, nightstalker 3
a: Renounce Religion, Stomp


You were on level 4 of the Dungeon.
You worshipped Uskayaw.
Uskayaw was noncommittal.
You visited 1 branch of the dungeon, and saw 4 of its levels.

You collected 163 gold pieces.

Inventory:

Hand Weapons
 a - a +2 dagger (weapon)
 l - a +4 whip
 x - a +0 dagger of venom
Missiles
 d - 12 poisoned darts (quivered)
 e - 3 curare-tipped darts
 g - a throwing net
Armour
 b - a +0 robe (worn)
 c - a +0 cloak (worn)
 s - a +0 pair of gloves (worn)
Jewellery
 p - a ring of protection from fire (left hand)
Scrolls
 f - a scroll of torment {unknown}
 j - 3 scrolls of identify {unknown}
 m - 2 scrolls of teleportation {unknown}
 n - a scroll of magic mapping {unknown}
 t - a scroll of brand weapon {unknown}
 u - 2 scrolls of enchant armour {unknown}
Potions
 h - a potion of flight {unknown}
 i - a potion of heal wounds {unknown}
 k - 3 potions of curing {unknown}
 o - a potion of mutation {unknown}
 q - a potion of brilliance {unknown}
 r - a potion of attraction {unknown}
 v - a potion of degeneration {unknown}
 w - a potion of might {unknown}
 z - a potion of invisibility {unknown}


   Skills:
 - Level 2.1 Fighting
 - Level 3.6 Short Blades
 - Level 2.1 Throwing
 * Level 5.1 Dodging
 - Level 5.3 Stealth


You had 4 spell levels left.
You didn't know any spells.
Your spell library contained the following spells:

 Spells                   Type           Power      Damage    Failure   Level
 Beastly Appendage        Tmut           0%         N/A       32%         1
 Kiss of Death            Conj/Necr      0%         2d5       32%         1
 Wereblood                Tmut           0%         N/A       45%         2
 Confusing Touch          Hex            0%         N/A       69%         3
 Spider Form              Tmut/Pois      0%         N/A       69%         3
 Vhi's Electric Charge    Tloc/Air       0%         N/A       69%         3
 Dispel Undead            Necr           0%         3d6       97%         4
 Arcjolt                  Conj/Air       0%         1d10      100%        5
 Maxwell's Capacitive Co  Air            0%         ∞         100%        8


Dungeon Overview and Level Annotations

Branches:
Dungeon (4/15)             Temple (0/1) D:4

Altars:
Uskayaw

Annotations:
D:3 2 runed translucent doors


Innate Abilities, Weirdness & Mutations

You are small and have problems with some larger weapons.
You are completely attuned to the shadows.


Message History

You throw a poisoned dart.
The poisoned dart barely misses the bullfrog.
You hit the bullfrog.
The bullfrog is heavily wounded.
The bullfrog hits you!
You hit the bullfrog.
The bullfrog is heavily wounded.
The bullfrog looks more healthy.
The bullfrog closely misses you.
You barely miss the bullfrog.
The bullfrog is heavily wounded.
The bullfrog hits you. The bullfrog hits you!
You are too injured to fight recklessly!
You are too injured to fight recklessly!
You are too injured to fight recklessly!
You barely miss the bullfrog.
The bullfrog is heavily wounded.
The bullfrog barely misses you.
You closely miss the bullfrog.
The bullfrog is heavily wounded.
The bullfrog hits you.
You closely miss the bullfrog.
The bullfrog is heavily wounded.
The bullfrog hits you.
* * * LOW HITPOINT WARNING * * *
You hit the bullfrog.
The bullfrog is severely wounded.
The bullfrog hits you.
* * * LOW HITPOINT WARNING * * *
You hit the bullfrog.
The bullfrog is severely wounded.
The bullfrog misses you. The bullfrog barely misses you.
You can now pass through a line of other dancers.
You closely miss the bullfrog.
The bullfrog is severely wounded.
The bullfrog barely misses you.
You stomp with the beat, sending a shockwave through the revellers around you!
The bullfrog is almost dead.
You can no longer pass through a line of other dancers.
The bullfrog hits you.
You die...

#.#.#
#.#.###
#..(..#
#..(..#
#.....###
#.#.##...
####.#F...#
#...>.@)....
#.##.....##.
#.#<.....+
#.#......#
#.#......#
#.#......#
#.#.#'####
#...#.#
#####.#


You could see a bullfrog.

Vanquished Creatures
  A scorpion (D:3)
  A worm (D:2)
  2 dart slugs (D:2)
  7 bats
  7 endoplasms
  2 giant cockroaches
  3 goblins
  6 hobgoblins
  4 quokkas
  10 ball pythons
  A frilled lizard (D:1)
  4 kobolds
  2 rats
50 creatures vanquished.

Notes
Turn   | Place    | Note
-------+----------+-------------------------------------------
     0 | D:1      | gruber the Kobold Brigand began the quest for the Orb.
     0 | D:1      | Reached XP level 1. HP: 12/12 MP: 1/1
   372 | D:1      | Reached XP level 2. HP: 14/17 MP: 2/2
  1155 | D:2      | Reached XP level 3. HP: 21/21 MP: 3/3
  1885 | D:2      | Reached XP level 4. HP: 24/26 MP: 4/4
  2329 | D:3      | Found a large runed translucent door.
  2330 | D:3      | Found a large runed translucent door.
  2422 | D:3      | Noticed a scorpion
  2435 | D:3      | Killed a scorpion
  2436 | D:3      | Reached skill level 5 in Dodging
  2436 | D:3      | Reached XP level 5. HP: 26/30 MP: 5/5
  2748 | D:3      | Found a hide-covered altar of Uskayaw.
  2836 | D:3      | Became a worshipper of Uskayaw the Reveller
  2993 | D:4      | Found a staircase to the Ecumenical Temple.
  3057 | D:4      | Reached * piety under Uskayaw
  3087 | D:4      | Noticed a bullfrog
  3098 | D:4      | Reached ** piety under Uskayaw
  3100 | D:4      | Slain by a bullfrog

Illustrated notes

Levels and vault maps discovered:
D:1:      erik_arrival_blinker_ship, layout_basic
D:2:      layout_basic, kennysheep_path_1, nicolae_figureground_sparkle
D:3:      layout_basic, overflow_temple_1_default, ebering_ghost_disaster_area
D:4:      layout_basic, trog_three_pillars_becter,
          minmay_temple_entry_enclosed_plants, hangedman_abyss_or_decor_passed

Skill      XL: |  1  2  3  4 |
---------------+-------------+-----
Short Blades   | 3 |  3.6
Dodging        | 2 3 5 |  5.1
Fighting       | |  2.1
Throwing       | |  2.1
Stealth        | |  5.3

Action                   |  1- 3 |  4- 6 || total
-------------------------+-------+-------++-------
Melee: Dagger            |    20 |    16 ||    36
       Whip              |    63 |    22 ||    85
Throw: Dart              |     1 |     5 ||     6
Invok: Stomp             |       |     1 ||     1
 Stab: Sleeping          |    15 |     8 ||    23
       Distracted        |     1 |       ||     1
Armor: Robe              |    14 |     4 ||    18
Dodge: Dodged            |    52 |    22 ||    74

Table legend: (Time is in decaauts)
 A = Elapsed time spent in this place.
 B = Non-inter-level travel time spent in this place.
 C = Inter-level travel time spent in this place.
 D = Time resting spent in this place.
 E = Time spent auto-exploring this place.
 F = Levels seen in this place.
 G = Mean time per level.
                   A        B        C        D        E       F      G
               +--------+--------+--------+--------+--------+-----+--------+
         Total |   3098 |   3005 |     93 |      0 |   2634 |   4 |  774.5 |
       Dungeon |   3098 |   3005 |     93 |      0 |   2634 |   4 |  774.5 |
               +--------+--------+--------+--------+--------+-----+--------+

Top non-repeatable levels by time:
     D:2: 1186 daAuts
     D:1: 1068 daAuts
     D:3: 685 daAuts
     D:4: 157 daAuts
